 Dungeon Crawl Stone Soup version 0.15.2 (webtiles) character file.

180 kae the Firebug (level 5, -1/28 HPs)
             Began as a Tengu Fire Elementalist on Nov 26, 2014.
             Killed from afar by bullock's ghost (6 damage)
             ... with a magic dart
             ... on Level 3 of the Dungeon.
             The game lasted 00:03:59 (4096 turns).

kae the Firebug (Tengu Fire Elementalist)           Turns: 4096, Time: 00:03:59

HP  -1/28        AC  2     Str  9      XL: 5   Next: 60%
MP  11/11        EV 12     Int 16      God:
Gold 140         SH  0     Dex 14      Spells:  3 memorised,  3 levels left

rFire  . . .     SeeInvis .     i - +0 dagger
rCold  . . .     Clarity  .     a - +0 robe
rNeg   . . .     rCorr    .     (no shield)
rPois  .         rRot     .     (helmet restricted)
rElec  .         Spirit   .     (no cloak)
SustAb .         Warding  .     (no gloves)
rMut   .         Stasis   .     (boots unavailable)
Gourm  .                        (no amulet)
MR     .....                    (no ring)
                                (no ring)

@: not resistant to hostile enchantments, unstealthy
A: able to fly, beak, talons 3
a: Fly


You were on level 3 of the Dungeon.
You were not hungry.

You visited 1 branch of the dungeon, and saw 3 of its levels.

You collected 140 gold pieces.

Inventory:

Hand weapons
 i - a +0 dagger (weapon)
Armour
 a - a +0 robe (worn)
Magical devices
 p - a wand of digging (14)
Comestibles
 c - 4 bread rations
Scrolls
 d - 3 scrolls of remove curse {unknown}
 e - 2 scrolls of teleportation {unknown}
 f - a scroll of immolation {unknown}
 g - a scroll of fear {unknown}
 l - a scroll of fog {unknown}
 n - a scroll of random uselessness {unknown}
 q - a scroll of blinking {unknown}
 x - a scroll of identify {unknown}
Jewellery
 u - an uncursed amulet of resist mutation {unknown}
Potions
 h - a potion of invisibility {unknown}
 j - 2 potions of restore abilities {unknown}
 k - 3 potions of curing
 o - a potion of brilliance {unknown}
 r - a potion of lignification {unknown}
 s - a potion of heal wounds {unknown}
 t - a potion of haste {unknown}
 v - a potion of flight {unknown}
 w - a potion of cancellation {unknown}
Books
 b - a book of Flames

   Spells                             Type                      Level
   *Flame Tongue                      Conjuration/Fire             1
   *Throw Flame                       Conjuration/Fire             2
   *Conjure Flame                     Conjuration/Fire             3
   Inner Flame                        Hexes/Fire                   3
   Sticky Flame                       Conjuration/Fire             4
   Fireball                           Conjuration/Fire             5
Magical staves
 m - an uncursed staff of cold


   Skills:
 - Level 2.1 Dodging
 - Level 2.0 Stealth
 + Level 2.7 Spellcasting
 * Level 4.2 Conjurations
 * Level 5.2 Fire Magic


You had 3 spell levels left.
You knew the following spells:

 Your Spells              Type           Power        Failure   Level  Hunger
a - Flame Tongue          Conj/Fire      ###..        3%          1    #......
b - Throw Flame           Conj/Fire      ###...       6%          2    ##.....
c - Conjure Flame         Conj/Fire      ###.....     12%         3    ###....


Dungeon Overview and Level Annotations

Branches:
Dungeon (3/15)

Altars:
Yredelemnul

Annotations:
D:3 bullock's ghost, average GrWz


Innate Abilities, Weirdness & Mutations

You can fly.
You have a beak for a mouth.
You have claws for feet.


Message History

The magic dart hits you!
* * * LOW HITPOINT WARNING * * *
Drink which item? (? for menu, Esc to quit)
You feel better.
It was a potion of curing.
Drink which item? (? for menu, Esc to quit)
You feel better.
Bullock's ghost gestures at you while chanting.
The magic dart hits you!
Bullock's ghost gestures at you while chanting.
The ball explodes into a vile cloud!
The stinking cloud engulfs you!
You are engulfed in noxious fumes.
You choke on the stench!
You are confused.
Bullock's ghost says, "I will blast you to bits."
Bullock's ghost casts a spell at you. The magic dart hits you!
* * * LOW HITPOINT WARNING * * *
You feel less confused.
Bullock's ghost points at you and mumbles some strange words.
The magic dart hits you!
You die...

.......#.#####.###### #.......
########.# #.# #..##.#. #......#
#.# #..#...< #.##########§##
##..####. #(# .........W#
#...#.... #.##........§§#
.#.#.#.###
###.##..........######..#.#.#.#
..........#####..##.....#.#.#.#
..........# ##@##.##..#.#.#.#
..........# #.##.##..#.#.#.#
#.........# #.)#.##..#.#.#.#
#.........# ##.#.##..#.#.#.#
#.........#######.).##..#.#.#.###
#......%............##...........
#.......(#########..##...........
#........# #................
#........# #.#..#....#.#....


You could see bullock's ghost.

Vanquished Creatures
  An orc priest (D:3)
  Jessica (D:2)
  An adder (D:2)
  2 giant mites
  5 worms
  3 giant geckos
  2 oozes (D:2)
  3 orcs (D:3)
  3 giant cockroaches
  8 goblins
  9 hobgoblins
  8 jackals
  5 kobolds
  A quokka (D:2)
  3 ball pythons
  11 bats
  4 giant newts
  3 rats
73 creatures vanquished.

Notes
Turn   | Place    | Note
--------------------------------------------------------------
     0 | D:1      | kae, the Tengu Fire Elementalist, began the quest for the Orb.
     0 | D:1      | Reached XP level 1. HP: 10/10 MP: 3/3
   237 | D:1      | Reached XP level 2. HP: 13/15 MP: 3/5
   665 | D:1      | Reached skill level 4 in Fire Magic
   720 | D:1      | Reached XP level 3. HP: 19/19 MP: 7/7
  1817 | D:2      | Noticed Jessica
  1829 | D:2      | Killed Jessica
  1829 | D:2      | Reached XP level 4. HP: 16/24 MP: 5/9
  1927 | D:2      | Learned a level 2 spell: Throw Flame
  1931 | D:2      | Learned a level 3 spell: Conjure Flame
  3404 | D:3      | Reached XP level 5. HP: 23/28 MP: 11/11
  3570 | D:3      | Reached skill level 5 in Fire Magic
  3924 | D:3      | Found a basalt altar of Yredelemnul.
  4078 | D:3      | Noticed bullock's ghost (average GrWz)
  4096 | D:3      | Killed from afar by bullock's ghost

Action                   |  1- 3 |  4- 6 || total
-------------------------+-------+-------++-------
Melee: Unarmed           |    21 |       ||    21
       Dagger            |    42 |    83 ||   125
 Cast: Flame Tongue      |    29 |    49 ||    78
       Throw Flame       |       |    14 ||    14
  Use: Potion            |       |     2 ||     2
 Stab: Sleeping          |     3 |       ||     3
  Eat: Chunk             |     3 |     4 ||     7
       Bread ration      |       |     1 ||     1
